 Dungeon Crawl Stone Soup version 0.30-b1-2-g02819fbbbe (webtiles) character file.

Game seed: 14482241729724943989

5170 Arzdou the Fighter (level 10, -3/97 HPs)
             Began as a Hill Orc Fighter on May 24, 2023.
             Was a Follower of the Shining One.
             Slain by a troll (7 damage)
             ... on level 7 of the Dungeon.
             The game lasted 00:12:21 (8244 turns).

Arzdou the Fighter (Hill Orc Fighter)               Turns: 8244, Time: 00:12:22

Health: -3/97      AC: 14    Str: 26    XL:     10   Next: 59%
Magic:  10/10      EV:  8    Int: 12    God:    the Shining One [*.....]
Gold:   591        SH:  5    Dex: 10    Spells: 9/9 levels left

rFire   . . .        a - +0 war axe
rCold   . . .        c - +0 buckler
rNeg    + . .        w - +0 chain mail
rPois   .            (no helmet)
rElec   .            (no cloak)
rCorr   .            I - +0 pair of gloves
SInv    .            j - +0 pair of boots
Will    .....        n - amulet of magic regeneration Stlth
                     t - +6 ring of strength
HPRegen 0.36/turn    s - ring of positive energy
MPRegen 0.52/turn

%: no passive effects
@: glowing
A: no striking features
a: Renounce Religion, Divine Shield


You were on level 7 of the Dungeon.
You worshipped the Shining One.
The Shining One was aware of your devotion.
You visited 2 branches of the dungeon, and saw 9 of its levels.

You collected 591 gold pieces.

Inventory:

Hand Weapons
 a - a +0 war axe (weapon)
Armour
 b - a +0 scale mail
 c - a +0 buckler (worn)
 j - a +0 pair of boots (worn)
 w - a +0 chain mail (worn)
 I - a +0 pair of gloves (worn)
Jewellery
 m - a ring of flight
 n - an amulet of magic regeneration (around neck)
 s - a ring of positive energy (right hand)
 t - a +6 ring of strength (left hand)
 y - a ring of protection from cold
Wands
 v - a wand of flame (26)
 x - a wand of paralysis (21)
 D - a wand of iceblast (14)
Scrolls
 d - a scroll of vulnerability {unknown}
 e - 13 scrolls of identify {unknown}
 g - a scroll of immolation {unknown}
 l - a scroll of noise {unknown}
 p - a scroll of blinking {unknown}
 q - 5 scrolls of teleportation {unknown}
 r - 2 scrolls of silence {unknown}
 z - a scroll of enchant armour {unknown}
 B - a scroll of brand weapon {unknown}
 C - a scroll of torment {unknown}
 E - a scroll of amnesia {unknown}
 G - a scroll of magic mapping {unknown}
Potions
 f - 2 potions of cancellation {unknown}
 h - 9 potions of curing {unknown}
 i - 2 potions of attraction {unknown}
 k - a potion of resistance {unknown}
 o - 3 potions of flight {unknown}
 u - 2 potions of magic {unknown}
 A - 2 potions of brilliance {unknown}
 F - a potion of ambrosia {unknown}
 H - a potion of haste {unknown}


   Skills:
 - Level 12.0 Fighting
 - Level 10.0 Axes
 - Level 10.0 Armour
 + Level 5.8 Shields


You had 9 spell levels left.
You didn't know any spells.
Your spell library contained the following spells:

 Spells                   Type           Power      Damage    Failure   Level
 Ensorcelled Hibernation  Hex/Ice        0%         N/A       92%         2
 Passwall                 Tmut/Erth      0%         N/A       92%         2
 Swiftness                Air            0%         N/A       99%         3
 Fireball                 Conj/Fire      0%         3d3       100%        5
 Iskenderun's Battlesphe  Conj           0%         2d6       100%        5
 Conjure Ball Lightning   Conj/Air       0%         3x3d6     100%        6
 Orb of Destruction       Conj           0%         9d5       100%        7


Dungeon Overview and Level Annotations

Branches:
Dungeon (8/15)             Temple (1/1) D:7
   Lair: D:8-11

Altars:
Cheibriados
Dithmenos
Fedhas
Gozag
Hepliaklqana
Kikubaaqudgha
Nemelex Xobeh
Okawaru
Qazlal
Sif Muna
Trog
Uskayaw
Wu Jian
Yredelemnul
Zin
The Shining One

Shops:
D:1 [

Annotations:
D:7 2 transporters, Sassenached's ghost, novice DgWn


Message History

The troll attacks as you move away! You block the troll's attack.
The troll claws you.
* * * LOW HITPOINT WARNING * * *
The troll claws you but does no damage. The troll attacks as you move away!
You block the troll's attack.
The troll claws you but does no damage. x2
The troll attacks as you move away! The troll bites you but does no damage.
The troll closely misses you. You block the troll's attack.
Things that are here:
a +0 robe; a +0 dagger The troll attacks as you move away!
The troll bites you but does no damage. You block the troll's attack.
The troll barely misses you. The troll attacks as you move away!
The troll bites you but does no damage. You block the troll's attack.
The troll claws you but does no damage.
There is an open gate here.
The troll attacks as you move away! The troll barely misses you.
The troll claws you.
* * * LOW HITPOINT WARNING * * *
The troll claws you but does no damage.
There is a stone staircase leading up here.
You block the troll's attack. The troll closely misses you.
The troll barely misses you.
You climb upwards.
Level annotation: 2 transporters, Sassenached's ghost, novice DgWn
There is a stone staircase leading down here.
You slash the troll!
The troll is moderately wounded.
The troll bites you but does no damage. The troll claws you but does no damage.
The troll claws you.
* * * LOW HITPOINT WARNING * * *
You slash the troll!
The troll is severely wounded.
The troll bites you!
* * * LOW HITPOINT WARNING * * *
The troll barely misses you. The troll claws you!
* * * LOW HITPOINT WARNING * * *
You hit the troll.
The troll is almost dead.
The troll bites you!
You die...

#........##..........#..#...##.#
#..............................#
########..#.....#####.#.#.#.....
#........................
##.#.##.#.####...##.#....
#.......#.....<.###.#....
#.##.#########...#..#....
####........##...#.##....
#########.@T...............
#................#...##....
#.........##...............
#.......####.####.#........
###############.####.#######..
#........###....##.....<##...#
#..........................#..
#........................###..
#.......................## #..


You could see a troll.

Vanquished Creatures
  Pikel (D:6)
  A merfolk (D:8)
  Sigmund (D:5)
  A yak (D:8)
  2 wyverns
  A hog (D:8)
  Eustachio (D:5)
  Menkaure (D:5)
  Edmund (D:6)
  A water moccasin (D:7)
  An orc warrior (D:8)
  4 black bears
  An ice beast (D:7)
  3 sky beasts
  2 centaurs
  A lemure (D:6)
  4 phantoms
  9 bullfrogs
  4 scorpions
  3 wights (D:7)
  A howler monkey (D:7)
  5 electric eels (D:8)
  4 hounds
  5 orc priests
  A jelly (D:6)
  A gnoll bouda (D:7)
  A sleepcap (D:5)
  2 iguanas (D:5)
  7 orc wizards
  8 adders
  4 gnolls (D:7)
  3 white imps
  An ufetubus (D:6)
  4 worms
  3 dart slugs
  33 orcs
  4 bats
  7 endoplasms
  5 giant cockroaches
  5 goblins
  4 hobgoblins
  8 jackals
  6 kobolds
  4 quokkas
  11 ball pythons
  A frilled lizard (D:3)
  8 rats
189 creatures vanquished.

Vanquished Creatures (others)
  An orc wizard (D:8)
  35 plants (D:8)
36 creatures vanquished.

Grand Total: 225 creatures vanquished

Notes
Turn   | Place    | Note
-------+----------+-------------------------------------------
     0 | D:1      | Arzdou the Hill Orc Fighter began the quest for the Orb.
     0 | D:1      | Reached XP level 1. HP: 19/19 MP: 1/1
   199 | D:1      | Reached XP level 2. HP: 27/27 MP: 2/2
   430 | D:1      | Found Maduewirph's Armour Shop.
   605 | D:2      | Reached skill level 4 in Fighting
   678 | D:2      | Reached XP level 3. HP: 19/33 MP: 3/3
   788 | D:2      | You fall into a shaft and drop 2 floors!
   874 | D:2      | Reached XP level 4. HP: 40/40 MP: 4/4
  1460 | D:3      | Noticed a black bear
  1473 | D:3      | Killed a black bear
  1474 | D:3      | Reached skill level 5 in Axes
  1474 | D:3      | Reached XP level 5. HP: 25/47 MP: 5/5
  1873 | D:3      | Found an opulent altar of Gozag.
  1998 | D:3      | Reached XP level 6. HP: 46/53 MP: 6/6
  3254 | D:5      | Entered Level 5 of the Dungeon
  3257 | D:5      | Noticed Sigmund
  3271 | D:5      | Killed Sigmund
  3272 | D:5      | Reached XP level 7. HP: 50/60 MP: 7/7
  3299 | D:5      | Noticed Menkaure
  3307 | D:5      | Killed Menkaure
  3308 | D:5      | Reached skill level 10 in Axes
  3556 | D:5      | Reached skill level 5 in Armour
  3556 | D:5      | Reached XP level 8. HP: 59/67 MP: 8/8
  3611 | D:5      | Noticed Eustachio
  3656 | D:5      | Killed Eustachio
  3919 | D:5      | Found a shadowy altar of Dithmenos.
  3943 | D:5      | Found the +2 ratskin cloak {*Rats rPois rN+ Str-1 Int-1
                  | Dex+1}
  4530 | D:6      | Noticed Pikel
  4555 | D:6      | Killed Pikel
  4556 | D:6      | Reached XP level 9. HP: 60/72 MP: 9/9
  5068 | D:6      | Reached skill level 10 in Armour
  5133 | D:6      | Reached skill level 5 in Fighting
  5140 | D:6      | Found a basalt altar of Yredelemnul.
  5432 | D:6      | Noticed Edmund
  5438 | D:6      | Killed Edmund
  5439 | D:6      | Reached skill level 6 in Fighting
  5874 | D:7      | Reached skill level 7 in Fighting
  5988 | D:7      | Reached skill level 8 in Fighting
  6199 | D:7      | Reached skill level 9 in Fighting
  6313 | D:7      | Paralysed by an orc for 4 turns
  6326 | D:7      | Found a staircase to the Ecumenical Temple.
  6338 | Temple   | Entered the Ecumenical Temple
  6344 | Temple   | Became a worshipper of the Shining One
  6467 | D:7      | Reached XP level 10. HP: 90/92 MP: 10/10
  6470 | D:7      | Reached skill level 10 in Fighting
  6547 | D:7      | Found a transporter.
  6576 | D:7      | Noticed Sassenached's ghost (novice DgWn)
  6589 | D:7      | Found a transporter.
  6825 | D:8      | Reached skill level 11 in Fighting
  7030 | D:8      | Reached * piety under the Shining One
  7272 | D:8      | The Shining One protects you from harm!
  7566 | D:8      | Reached skill level 12 in Fighting
  7948 | D:8      | Reached skill level 5 in Shields
  8165 | D:8      | Noticed a two-headed ogre
  8182 | D:8      | Found a sparkling altar of Nemelex Xobeh.
  8243 | D:7      | HP: 4/97 [troll (8)]
  8244 | D:7      | Slain by a troll

Illustrated notes

Levels and vault maps discovered:
D:1:      mainiacjoe_arrival_reflecting_pool, layout_basic, serial_shops,
          nicolae_shop_pleasant_corner_grove
D:2:      layout_loops_ring, minmay_heptomino_l4
D:3:      layout_loops_ring, grunt_gozag_breadcrumbs, serial_co_window_serial,
          co_window_corner_a, co_window_paths_b, co_window_corner_a,
          co_window_of_opportunity_a, co_window_paths_b, co_window_corner_cb,
          co_window_of_opportunity_c, co_window_of_opportunity_b,
          glass_columns_a, glass_columns_b, uniq_crazy_yiuf_cottage
D:4:      minmay_chambers_of_fours, layout_loops_ring
D:5:      layout_loops_ring, kennysheep_mini, uniq_eustachio, uniq_menkaure,
          uniq_sigmund
D:6:      layout_basic, general_overflow_altar, uniq_edmund, uniq_pikel
D:7:      layout_rooms, minmay_temple_entry_sparse_star, gammafunk_ghost_arena
D:8:      kennysheep_town
Temple:   nicolae_temple_x_marks_the_god

Skill      XL: |  1  2  3  4  5  6  7  8  9 10 |
---------------+-------------------------------+-----
Axes           | 3 5 6 9 10 | 10.0
Fighting       | 4 9 12 | 12.0
Shields        | 4 5 |  5.8
Armour         | 5 9 10 | 10.0

Action                     |  1- 3 |  4- 6 |  7- 9 | 10-12 || total
---------------------------+-------+-------+-------+-------++-------
  Melee: War axe           |    77 |   188 |   318 |   134 ||   717
  Evoke: Wand              |       |       |       |     3 ||     3
    Use: Potion            |       |       |     1 |     1 ||     2
 Armour: Scale mail        |    46 |    60 |       |       ||   106
         Chain mail        |       |     7 |   168 |    86 ||   261
  Dodge: Dodged            |    38 |    70 |   114 |    68 ||   290
  Block: Buckler           |    18 |    40 |    59 |    32 ||   149
